 Dungeon Crawl Stone Soup version 0.17.1-1-g73c8601 (webtiles) character file.

69 Peloso the Shield-Bearer (level 3, -2/31 HPs)
             Began as a Demigod Fighter on Jan 2, 2016.
             Slain by Sigmund
             ... wielding a +0 scythe of venom
              (9 damage)
             ... on level 2 of the Dungeon.
             The game lasted 00:04:26 (1137 turns).

Peloso the Shield-Bearer (Demigod Fighter)          Turns: 1137, Time: 00:04:26

Health: -2/31      AC:  9    Str: 26    XL:     3   Next: 75%
Magic:  5/5        EV:  6    Int: 12    God:
Gold:   95         SH: 10    Dex: 15    Spells: 0 memorised, 2 levels left

rFire  . . .     SeeInvis .     a - +0 long sword
rCold  . . .     Clarity  .     l - +0 chain mail (curse)
rNeg   . . .     SustAt   +     c - +0 shield
rPois  .         Gourm    .     (no helmet)
rElec  .         Spirit   .     (no cloak)
rCorr  .         Warding  .     (no gloves)
rMut   .         Stasis   .     (no boots)
MR     .....                    h - amulet of faith
Stlth  ..........               (no ring)
                                (no ring)

@: mighty, lethally poisoned (-2 -> -16), not resistant to hostile enchantments,
extremely unstealthy
A: high mp 1, sustain attributes
a: no special abilities


You were on level 2 of the Dungeon.
You were not hungry.

You visited 1 branch of the dungeon, and saw 2 of its levels.

You collected 95 gold pieces.

Inventory:

Hand Weapons
 a - a +0 long sword (weapon)
Armour
 b - a +0 scale mail
 c - a +0 shield (worn)
 l - a cursed +0 chain mail (worn)
Jewellery
 h - an amulet of faith (around neck)
Scrolls
 n - a scroll of remove curse {unknown}
Potions
 g - a potion of cure mutation {unknown}
 i - a potion of lignification {unknown}
 j - a potion of invisibility {unknown}
 k - a potion of curing {unknown}
 q - a potion of heal wounds {unknown}
Books
 p - a book of the Warp

   Spells                             Type                      Level
   a - Recall                         Summoning/Translocation      3
   b - Gell's Gravitas                Hexes/Translocation          3
   c - Force Lance                    Conjuration/Translocation    4
   d - Phase Shift                    Translocation                5
   e - Warp Weapon                    Charms/Translocation         5
   f - Summon Forest                  Summoning/Translocation      5
Comestibles
 e - a bread ration
 f - 5 chunks of flesh
 m - 2 meat rations
 o - a beef jerky
 r - a slice of pizza


   Skills:
 + Level 3.2 Fighting
 + Level 2.2 Long Blades
 + Level 3.1 Armour
 + Level 0.5 Dodging
 + Level 3.3 Shields


You had 2 spell levels left.
You didn't know any spells.

Dungeon Overview and Level Annotations

Branches:
Dungeon (2/15)

Annotations:
D:2 Sigmund


Innate Abilities, Weirdness & Mutations

You have an increased reservoir of magic (+10% MP).
Your attributes are resistant to harm.


Message History

Drink which item? (? for menu, Esc to quit)
You feel very mighty all of a sudden. You block Sigmund's attack.
You completely miss Sigmund.
You feel sick. Sigmund hits you but does no damage.
You are lethally poisoned!
Unknown command.
You slash Sigmund!
Sigmund is moderately wounded.
* * * LOW HITPOINT WARNING * * *
You feel sick.
Sigmund points at you and mumbles some strange words.
You resist with some effort.
Unknown command.
You closely miss Sigmund.
Sigmund is moderately wounded.
* * * LOW HITPOINT WARNING * * *
You feel sick.
Sigmund hits you with a scythe of venom!
You die...

.#.#..# ## #..# .# ##.#..# ...
#..# .######
......######.######..# .......
.....................####.......
..#...# ........................
......# ..$.....................
#.##@.# .............###.......
#.##..# ..$...)#@..#.......#
..##..##.......#@..#.......#
...@...+..........##.....###
.#######..........++.....# .+
............##.....#### @#
#...#...#...##........# .#
#...#...#...##........#
.######...#...#...##........#
..........#...########'##...#
....)..................##...#


You could see Sigmund.

Vanquished Creatures
  Terence (D:2)
  An adder (D:2)
  3 giant geckos (D:1)
  2 bats (D:1)
  A giant cockroach (D:1)
  3 goblins
  4 hobgoblins
  4 jackals (D:1)
  A quokka (D:2)
  3 giant newts
  5 kobolds (D:1)
  6 rats
34 creatures vanquished.

Notes
Turn   | Place    | Note
--------------------------------------------------------------
     0 | D:1      | Peloso the Demigod Fighter began the quest for the Orb.
     0 | D:1      | Reached XP level 1. HP: 18/18 MP: 3/3
   139 | D:1      | Reached XP level 2. HP: 15/25 MP: 4/4
   243 | D:1      | Reached skill level 3 in Shields
   878 | D:2      | Reached XP level 3. HP: 19/31 MP: 5/5
   894 | D:2      | Noticed Terence
  1085 | D:2      | Killed Terence
  1124 | D:2      | Noticed Sigmund
  1137 | D:2      | Slain by Sigmund

Action                   || total
-------------------------++-------
Melee: Long sword        ||   132
  Use: Potion            ||     1
  Eat: Chunk             ||     1
